 Dungeon Crawl Stone Soup version 0.27.1-33-g824d729ab1 (webtiles) character file.

Game seed: 2299358211676148509

44 zeram the Poker (level 3, -5/29 HPs)
             Began as a Merfolk Fighter on Dec 11, 2021.
             Was an Initiate of Gozag.
             Slain by an iguana (11 damage)
             ... on level 3 of the Dungeon.
             The game lasted 00:03:11 (1397 turns).

zeram the Poker (Merfolk Fighter)                   Turns: 1397, Time: 00:03:12

Health: -5/29      AC:  7    Str: 17    XL:     3   Next: 62%
Magic:  3/3        EV:  7    Int:  7    God:    Gozag
Gold:   68         SH:  9    Dex: 13    Spells: 2/2 levels left

rFire    . . .     SeeInvis +   a - +0 trident
rCold    . . .     Faith    .   c - +0 kite shield
rNeg     . . .     Spirit   .   b - +0 scale mail
rPois    .         Reflect  .   (no helmet)
rElec    .         Harm     .   g - +0 cloak
rCorr    .         Rampage  .   (no gloves)
Will     .....                  (no boots)
Stlth    ..........             (no amulet)
HPRegen  0.09/turn              f - ring of see invisible
MPRegen  0.08/turn              (no ring)

@: no status effects
A: (nimble swimmer 2), mertail
a: Renounce Religion, Potion Petition, Call Merchant, Bribe Branch


You were on level 3 of the Dungeon.
You worshipped Gozag.
Gozag was noncommittal.
You visited 1 branch of the dungeon, and saw 3 of its levels.

You collected 93 gold pieces.
You paid 25 gold pieces to Gozag.

Inventory:

Hand Weapons
 a - a +0 trident (weapon)
 h - a +1 dagger of venom
Armour
 b - a +0 scale mail (worn)
 c - a +0 kite shield (worn)
 g - a +0 cloak (worn)
Jewellery
 f - a ring of see invisible (left hand)
Scrolls
 e - a scroll of identify {unknown}
Potions
 d - 2 potions of might
 i - a potion of heal wounds {unknown}


   Skills:
 - Level 3.2 Fighting
 + Level 4.2 Polearms
 - Level 2.1 Armour
 * Level 2.1 Dodging
 + Level 3.5 Shields


You had 2 spell levels left.
You didn't know any spells.
Your spell library contained the following spells:

 Spells                   Type           Power      Damage    Failure   Level
 Portal Projectile        Hex/Tloc       0%         N/A       100%        3
 Blade Hands              Tmut           0%         N/A       100%        5
 Excruciating Wounds      Necr           0%         N/A       100%        5


Dungeon Overview and Level Annotations

Branches:
Dungeon (2/15)

Altars:
Gozag


Innate Abilities, Weirdness & Mutations

((You are quick and stealthy near water. (Stealth+, EV+, Speed+++)))
Your lower body shifts to a powerful aquatic tail in water.


Message History

You are too injured to fight recklessly!
You are too injured to fight recklessly!
You are too injured to fight recklessly!
You are too injured to fight recklessly!
You are too injured to fight recklessly!
You are too injured to fight recklessly!
You are too injured to fight recklessly!
You are too injured to fight recklessly!
You are too injured to fight recklessly!
You are too injured to fight recklessly!
You are too injured to fight recklessly!
You are too injured to fight recklessly!
You are too injured to fight recklessly!
You are too injured to fight recklessly!
You are too injured to fight recklessly!
You are too injured to fight recklessly!
You are too injured to fight recklessly!
You are too injured to fight recklessly!
You are too injured to fight recklessly!
You are too injured to fight recklessly!
You are too injured to fight recklessly!
You are too injured to fight recklessly!
You are too injured to fight recklessly!
You are too injured to fight recklessly!
You closely miss the iguana.
The iguana is heavily wounded.
The iguana barely misses you.
Your shield prevents you from hitting the iguana.
The iguana is heavily wounded.
The iguana bites you.
* * * LOW HITPOINT WARNING * * *
You hit the iguana.
The iguana is almost dead.
The iguana bites you but does no damage.
The iguana closely misses you.
You barely miss the iguana.
The iguana is almost dead.
The iguana bites you!
You die...
Your body crumbles into a pile of gold.

$ #+#. ....
.... ...
#+#+.###
#......# ≈
#......####..≈≈
#....l@......≈≈
#.##.........≈≈
#.........≈.
#..#######≈≈
#..# ≈ #.. ...
≈.#.


You could see an iguana.

Vanquished Creatures
  2 adders (D:2)
  An orc (D:2)
  A bat (D:2)
  3 endoplasms
  A giant cockroach (D:1)
  4 goblins
  4 hobgoblins
  A quokka (D:1)
  A ball python (D:1)
  A frilled lizard (D:1)
  2 kobolds (D:1)
  3 rats (D:1)
24 creatures vanquished.

Notes
Turn   | Place    | Note
-------+----------+-------------------------------------------
     0 | D:1      | zeram the Merfolk Fighter began the quest for the Orb.
     0 | D:1      | Reached XP level 1. HP: 18/18 MP: 1/1
   189 | D:1      | Reached skill level 1 in Dodging
   189 | D:1      | Reached XP level 2. HP: 24/24 MP: 2/2
   972 | D:2      | Reached XP level 3. HP: 4/29 MP: 3/3
   978 | D:2      | Reached skill level 4 in Polearms
  1303 | D:2      | Found an opulent altar of Gozag.
  1317 | D:2      | Became a worshipper of Gozag Ym Sagoz the Greedy
  1383 | D:2      | You fall into a shaft and drop 1 floor!
  1397 | D:3      | Slain by an iguana

Illustrated notes

Levels and vault maps discovered:
D:1:      amcnicky_arrival_gap_in_the_tavern_cellar, layout_basic,
          roderic_lattice_a, serial_bayou_pond_c, chequers_serial_rivers_micro_a
D:2:      layout_basic, basic_altar, minmay_tromino_v4_a, uniq_natasha
D:3:      layout_basic, serial_rivers, chequers_serial_rivers_small_b,
          chequers_serial_rivers_small_3, chequers_serial_rivers_micro_d,
          chequers_serial_rivers_small_a, chequers_serial_rivers_large_a,
          shapermc_ecumenical_altar_mp_highgroup, serial_bayou_lagoon_a,
          corexii_leaking_fountain, minmay_misc_feat_rugged,
          minmay_ogre_servants

Skill      XL: |  1  2  3 |
---------------+----------+-----
Dodging        | 1 2 |  2.1
Polearms       | 4 |  4.2
Fighting       | |  3.2
Armour         | |  2.1
Shields        | |  3.5

Action                   || total
-------------------------++-------
Melee: Trident           ||   119
  Use: Potion            ||     2
       Scroll            ||     1
Armor: Scale mail        ||    48
       Skin              ||     6
Dodge: Dodged            ||    32
Block: Kite shield       ||    64
